 Dungeon Crawl Stone Soup version 0.30-a0-1094-g860fb061e7 (webtiles) character file.

Game seed: 7516547612963194402

12200 Esekla the Covert (level 11, -4/77 HPs)
             Began as an Octopode Delver on Apr 17, 2023.
             Was an Initiate of Gozag.
             Slain by a yak (13 damage)
             ... on level 10 of the Dungeon.
             The game lasted 01:05:24 (10452 turns).

Esekla the Covert (Octopode Delver)                Turns: 10452, Time: 01:05:24

Health: -4/77      AC: 12    Str: 12    XL:     11   Next: 89%
Magic:  27/29      EV: 15    Int: 19    God:    Gozag
Gold:   680        SH:  5    Dex: 13    Spells: 11/22 levels left

rFire   . . .      SeeInvis .    a - +10 rapier "Bantaost" {protect, Fly Will+ Int+2}
rCold   . . .      Faith    .    q - +0 buckler
rNeg    + . .      Spirit   .    (helmet restricted)
rPois   .          Reflect  .    I - amulet of magic regeneration
rElec   .          Rampage  .    l - ring of positive energy
rCorr   .                        J - ring "Cemnah" {MP+9 Stlth+}
Will    +....                    Q - +4 ring of protection
Stlth   ++++++                   (no ring)
HPRegen 0.32/turn                (no ring)
MPRegen 0.61/turn                (no ring)
                                 (no ring)
                                 (no ring)

@: under a protective aura, flying, slowed, studying Fighting, very slow
A: almost no armour, amphibious, 8 rings, camouflage 1, gelatinous body 1,
(nimble swimmer 1), tentacles
a: Renounce Religion, Potion Petition, Call Merchant, Bribe Branch


You were on level 10 of the Dungeon.
You worshipped Gozag.
Gozag was pleased with you.
You visited 2 branches of the dungeon, and saw 11 of its levels.
You also visited: Ossuary and Bailey.

You collected 2409 gold pieces.
You spent 1152 gold pieces at shops.
You paid 577 gold pieces to Gozag.

Inventory:

Hand Weapons
 a - the +10 rapier "Bantaost" (weapon) {protect, Fly Will+ Int+2}
   (You found it on level 5 of the Dungeon)

   Int:       It affects your intelligence (+2).
   Fly:       It grants you flight.
   Will:      It increases your willpower.
 c - a +3 scimitar
 f - a +3 scimitar of flaming
 P - a +3 trident of freezing
Missiles
 h - 4 curare-tipped darts
 j - 17 poisoned darts (quivered)
 z - 2 throwing nets
 D - 11 boomerangs
Armour
 q - a +0 buckler (worn)
Magical Staves
 d - the staff of death "Viter" {rF+ rC+++ rN+ Will++ Dex-4}
   (You found it in a bailey)

   [staff of death]

   Base accuracy: +5 Base damage: 5 Base attack delay: 1.2 This weapon's minimum
   attack delay (0.6) is reached at skill level 12.
   Dex:       It affects your dexterity (-4).
   rF:        It protects you from fire.
   rC:        It renders you almost immune to cold.
   rN:        It protects you from negative energy.
   Will:      It greatly increases your willpower.
   It falls into the 'Staves' category.
   It is a one-tentacled weapon.
Jewellery
 l - a ring of positive energy (left tentacle)
 G - an amulet of regeneration
 I - an amulet of magic regeneration (around mantle)
 J - the ring "Cemnah" (right tentacle) {MP+9 Stlth+}
   (You acquired it on level 7 of the Dungeon)

   [ring of magical power]

   MP:        It affects your magic capacity (+9).
   Stlth:     It makes you more stealthy.
 Q - a +4 ring of protection (on tentacle)
Wands
 i - a wand of digging (2)
 y - a wand of flame (15)
Scrolls
 b - 3 scrolls of fog
 g - 3 scrolls of enchant armour {unknown}
 k - 3 scrolls of acquirement
 n - 6 scrolls of teleportation
 o - 3 scrolls of blinking
 u - 3 scrolls of immolation {unknown}
 w - a scroll of brand weapon {unknown}
 A - 4 scrolls of poison {unknown}
 C - 2 scrolls of amnesia {unknown}
 E - a scroll of magic mapping
 F - a scroll of torment {unknown}
 K - 2 scrolls of vulnerability {unknown}
 O - a scroll of noise {unknown}
 R - a scroll of summoning {unknown}
 S - 4 scrolls of fear
 T - a scroll of enchant weapon {unknown}
Potions
 e - 5 potions of haste
 m - 3 potions of attraction
 p - 2 potions of cancellation {unknown}
 r - a potion of berserk rage {unknown}
 s - 4 potions of might
 t - 5 potions of brilliance
 v - 2 potions of ambrosia
 x - 2 potions of curing
 B - a potion of degeneration {unknown}
 H - a potion of mutation {unknown}
 L - a potion of magic {unknown}
 M - 3 potions of flight {unknown}
 N - a potion of heal wounds {unknown}


   Skills:
 * Level 8.0 Fighting
 + Level 6.4(7.3) Short Blades
 + Level 5.2(6.7) Long Blades
 + Level 3.0 Throwing
 * Level 6.5 Dodging
 - Level 10.1 Stealth
 + Level 3.7 Shields
 * Level 6.3 Spellcasting
 * Level 5.1 Conjurations
 * Level 6.5 Necromancy
 * Level 4.7 Fire Magic
 + Level 0.3 Evocations


You had 11 spell levels left.
You knew the following spells:

 Your Spells              Type           Power      Damage    Failure   Level
d - Vampiric Draining     Necr           30%        2d8       3%          3
u - Dispel Undead         Necr           30%        3d14      10%         4
y - Sticky Flame          Conj/Fire      24%        2d5       19%         4

Your spell library contained the following spells:

 Spells                   Type           Power      Damage    Failure   Level
 Kiss of Death            Conj/Necr      100%       2d13      1%          1
 Slow                     Hex            24%        N/A       14%         1
 Summon Small Mammal      Summ           24%        N/A       14%         1
 Lesser Beckoning         Tloc           12%        N/A       22%         2
 Ignite Poison            Fire/Tmut/Pois 12%        N/A       22%         3
 Call Canine Familiar     Summ           6%         N/A       38%         3
 Confusing Touch          Hex            6%         N/A       38%         3
 Gell's Gravitas          Tloc           6%         N/A       38%         3
 Summon Guardian Golem    Hex/Summ       6%         N/A       38%         3
 Teleport Other           Tloc           6%         N/A       38%         3
 Ignition                 Fire           12%        3d6       100%        8


Dungeon Overview and Level Annotations

Branches:
Dungeon (10/15)            Temple (1/1) D:7            Lair (0/5) D:8
Ossuary (visited)          Bailey (visited)
    Orc: D:9-12

Altars:
Dithmenos
Fedhas
Gozag
Makhleb
Nemelex Xobeh
Okawaru
Trog
Uskayaw
Vehumet
Wu Jian
Zin
The Shining One
Jiyva

Shops:
D:7 [   D:8 :   D:10 *

Annotations:
D:9 3 runed translucent doors, dialectric's ghost, novice GrFi
D:10 Maurice; Sonja


Innate Abilities, Weirdness & Mutations

You cannot wear most types of armour.
You are amphibious.
You can wear up to eight rings at the same time.
Your skin changes colour to match your surroundings (Stealth+).
Your rubbery body absorbs attacks. (AC +1, EV +1)
((You are camouflaged when in or above water. (Stealth+)))
You have tentacles for arms and can constrict up to eight enemies at once.


Message History

Sonja shouts, "Some dancing partner you are!"
Sonja throws a curare-tipped dart.
The curare-tipped dart hits you.
You are lethally poisoned!
You have difficulty breathing.
* * * LOW HITPOINT WARNING * * *
You feel as though you will be slow longer.
The wraith hits you but does no damage. The gnoll sergeant barely misses you.
You feel better.
You feel less invigorated.
Your surroundings suddenly seem different. 6 yaks come into view.
The yak bellows! x4
Aiming: Dig
Press: ? - help, Shift-Dir - straight line A rock wall.
The rock shatters into small pieces.
The yak gores you but does no damage. The yak misses you.
You block the yak's attack. The yak closely misses you. The yak gores you!
* * * LOW HITPOINT WARNING * * *
The yak attacks as you move away! The yak completely misses you.
The yak attacks as you move away! The yak gores you!
* * * LOW HITPOINT WARNING * * *
The yak attacks as you move away! The yak misses you. x2
You hit the yak but do no damage.
Your weapon exudes an aura of protection.
The yak gores you but does no damage.
Casting: Vampiric Draining (dangerous; 3% risk of failure)
Confirm with . or Enter, or press ? or * to list all spells.
Aiming: Vampiric Draining (dangerous; 3% risk of failure)
Press: ? - help, Shift-Dir - straight line, f - yak
Aim: a yak
Okay, then.
Casting: Vampiric Draining (dangerous; 3% risk of failure)
Confirm with . or Enter, or press ? or * to list all spells.
Aiming: Vampiric Draining (dangerous; 3% risk of failure)
Press: ? - help, Shift-Dir - straight line, f - yak
Aim: a yak You draw life force from the yak!
You feel life coursing into your body. The yak gores you!
You die...
Your body crumbles into a pile of gold.

###+####.
#........
#........
#........
#........
#Y.......
##YY......
##YYY......
#@#####+###
### $


You could see 6 yaks.

Vanquished Creatures
  3 death yaks (D:8)
  A two-headed ogre (D:7)
  2 deep elf pyromancers
  Pikel (D:5)
  An orc knight (Bailey)
  An ugly thing (D:7)
  A manticore (D:8)
  Joseph (D:7)
  An efreet (D:8)
  A meliai (D:8)
  2 trolls
  A shadow (D:9)
  2 wyverns
  2 steam dragons (D:8)
  2 vampire mosquitoes (D:9)
  Edmund (D:4)
  2 water moccasins
  An ice beast (D:6)
  2 sky beasts
  A black bear (D:5)
  10 orc warriors
  3 ogres (D:5)
  A centaur (D:7)
  A phantom (D:5)
  2 kobold brigands
  2 lemures (D:5)
  3 elf zombies
  Blork the orc (D:4)
  3 bullfrogs
  A gnoll sergeant (D:5)
  2 scorpions (D:6)
  8 wights
  11 killer bees
  3 howler monkeys (D:9)
  2 jellies
  2 human zombies
  8 orc priests
  5 hounds
  3 sleepcaps
  Terence (D:2)
  3 human skeletons (D:6)
  10 orc wizards
  A hell rat (D:8)
  3 iguanas (D:6)
  2 mummies (Ossuary)
  9 gnolls
  A river rat (D:8)
  7 adders
  2 white imps
  2 ufetubi
  2 worms
  4 dart slugs
  36 orcs
  8 ball pythons
  5 bats
  4 endoplasms
  4 giant cockroaches
  7 goblins
  11 hobgoblins
  A quokka (D:3)
  A frilled lizard (D:1)
  3 goblin zombies (Ossuary)
  13 hobgoblin zombies (Ossuary)
  A jackal zombie (Ossuary)
  18 kobolds
  6 kobold zombies (Ossuary)
  11 orc zombies
  6 rats
  A rat zombie (Ossuary)
283 creatures vanquished.

Vanquished Creatures (others)
  3 bushes (D:8)
3 creatures vanquished.

Grand Total: 286 creatures vanquished

Notes
Turn   | Place    | Note
-------+----------+-------------------------------------------
     0 | D:5      | Esekla the Octopode Delver began the quest for the Orb.
     0 | D:5      | Reached XP level 1. HP: 16/16 MP: 1/1
     1 | D:5      | Noticed a lemure
     6 | D:5      | Found a sparkling altar of Nemelex Xobeh.
     6 | D:5      | Found a hide-covered altar of Uskayaw.
     8 | D:5      | Found a blossoming altar of Fedhas.
     8 | D:5      | Found a radiant altar of Vehumet.
     8 | D:5      | Found a burning altar of Makhleb.
     8 | D:5      | Noticed an ogre
    12 | D:5      | Identified the +10 rapier "Bantaost" {protect, Fly Will+
                  | Int+2}
    27 | D:5      | Noticed a water moccasin
    31 | D:5      | Reached XP level 2. HP: 21/21 MP: 2/2
    35 | D:5      | Killed a water moccasin
    36 | D:5      | Reached skill level 7 in Stealth
    36 | D:5      | Reached skill level 1 in Spellcasting
    36 | D:5      | Reached XP level 3. HP: 26/26 MP: 2/4
    36 | D:5      | Reached XP level 4. HP: 31/31 MP: 2/5
    46 | D:5      | Reached XP level 5. HP: 37/37 MP: 2/6
    54 | D:5      | Reached skill level 8 in Stealth
    73 | D:5      | Noticed an ogre
    77 | D:5      | Killed an ogre
    78 | D:5      | Reached XP level 6. HP: 43/43 MP: 6/8
   120 | D:6      | Noticed an ice beast
   146 | D:6      | Reached skill level 1 in Short Blades
   150 | D:6      | Noticed a sky beast
   177 | D:6      | Reached skill level 9 in Stealth
   177 | D:6      | Reached XP level 7. HP: 47/48 MP: 9/9
   352 | D:6      | Learned a level 3 spell: Vampiric Draining
   452 | D:6      | Found a sand-covered staircase.
   467 | D:6      | Reached XP level 8. HP: 30/54 MP: 11/11
   501 | Ossuary  | Entered an ossuary
   718 | Ossuary  | Reached skill level 1 in Shields
   718 | Ossuary  | Reached skill level 1 in Necromancy
  1243 | D:7      | Found Vief's Antique Armour Emporium.
  1293 | D:7      | Found a staircase to the Ecumenical Temple.
  1302 | Temple   | Entered the Ecumenical Temple
  1310 | Temple   | Became a worshipper of Gozag Ym Sagoz the Greedy
  1538 | D:4      | Found a glowing golden altar of the Shining One.
  1651 | D:2      | Noticed Terence
  1665 | D:2      | Killed Terence
  1666 | D:2      | Reached skill level 5 in Fighting
  1905 | D:1      | Reached skill level 10 in Stealth
  3788 | D:4      | Noticed Edmund
  3816 | D:4      | Killed Edmund
  4160 | D:4      | Learned a level 4 spell: Dispel Undead
  4534 | D:5      | Reached skill level 1 in Fire Magic
  4536 | D:5      | Reached XP level 9. HP: 61/61 MP: 13/13
  4633 | D:5      | Reached skill level 1 in Conjurations
  4733 | D:5      | Noticed Blork the orc
  4736 | D:5      | Noticed Pikel
  4742 | D:4      | Killed Blork the orc
  4816 | D:5      | Learned a level 4 spell: Sticky Flame
  4937 | D:5      | Killed Pikel
  5495 | D:7      | Noticed a two-headed ogre
  5495 | D:7      | Noticed a troll
  5507 | D:7      | Reached skill level 1 in Throwing
  5811 | D:7      | Identified 4 scrolls of acquirement
  5811 | D:7      | Acquired the ring "Cemnah" {MP+9 Stlth+}
  5814 | D:7      | Noticed a purple ugly thing
  5819 | D:7      | Noticed Joseph
  5822 | D:7      | Killed a two-headed ogre
  5823 | D:7      | Reached skill level 5 in Short Blades
  5823 | D:7      | Reached skill level 5 in Long Blades
  5823 | D:7      | Reached skill level 5 in Dodging
  5823 | D:7      | Reached XP level 10. HP: 22/68 MP: 10/16
  6136 | D:7      | Killed a purple ugly thing
  6227 | D:7      | Killed Joseph
  7140 | D:8      | Reached skill level 5 in Spellcasting
  7152 | D:8      | Noticed a death yak
  7152 | D:8      | Noticed a death yak
  7317 | D:8      | Killed a death yak
  7318 | D:8      | Reached skill level 5 in Necromancy
  7385 | D:8      | Found Huiqytto's Self-Improvement Boutique.
  7394 | D:8      | Bought a manual of Fighting for 1040 gold pieces
  7401 | D:8      | Found a staircase to the Lair.
  7959 | D:8      | Noticed a death yak
  8001 | D:8      | Killed a death yak
  8002 | D:8      | Reached XP level 11. HP: 74/74 MP: 19/19
  8142 | D:8      | Noticed a deep elf pyromancer
  8328 | D:8      | Killed a deep elf pyromancer
  8338 | D:8      | Noticed a manticore
  8695 | D:8      | Killed a manticore
  8959 | D:9      | Found a runed translucent gate.
  8959 | D:9      | Found a runed translucent gate.
  8959 | D:9      | Found a runed translucent gate.
  8960 | D:9      | Noticed dialectric's ghost (novice GrFi)
  9339 | D:9      | Found a viscous altar of Jiyva.
  9524 | D:8      | Killed a death yak
  9609 | D:10     | Entered Level 10 of the Dungeon
  9613 | D:10     | Noticed Sonja
  9614 | D:10     | Noticed Maurice
  9667 | D:10     | Found a flagged portal.
  9697 | D:10     | Bought a scroll of identify for 46 gold pieces
  9697 | D:10     | Bought a scroll labelled QUCZOH ELUFF for 23 gold pieces
  9697 | D:10     | Bought a scroll labelled GURGHO LIPLEINOEPP for 23 gold
                  | pieces
  9697 | D:10     | Bought an amethyst potion for 20 gold pieces
  9701 | Bailey   | Entered a bailey
  9774 | Bailey   | Noticed an orc knight
  9798 | Bailey   | Killed an orc knight
 10015 | Bailey   | Reached skill level 5 in Conjurations
 10047 | Bailey   | Found a large runed translucent door.
 10047 | Bailey   | Found a large runed translucent door.
 10049 | Bailey   | Noticed a deep elf pyromancer
 10091 | Bailey   | Killed a deep elf pyromancer
 10216 | Bailey   | Identified the staff of death "Viter" {rF+ rC+++ rN+ Will++
                  | Dex-4}
 10223 | Bailey   | Identified the +0 robe of Negligence {rF+ Slay+3}
 10449 | D:10     | HP: 2/77 [yak (8)]
 10452 | D:10     | Slain by a yak

Illustrated notes

Levels and vault maps discovered:
D:1:      matt_arrival_refuge, layout_loops_ring, minmay_statues_item,
          chequers_serial_rivers_micro_c
D:2:      layout_loops_cross, uniq_terence
D:3:      layout_loops_cross
D:4:      layout_loops_ring, tso_metal_star, uniq_edmund
D:5:      layout_loops_ring, grunt_temple_overflow_open, uniq_blork_the_orc,
          uniq_pikel
D:6:      layout_cave_pools, nicolae_ossuary_entry_catacombs
D:7:      layout_loops_ring, temple_fountains, serial_shops, shop, kb_rosetta,
          uniq_joseph
D:8:      minmay_klotski, layout_rooms, dpeg_lair_monsters,
          nicolae_shop_self_help
D:9:      layout_rooms, gammafunk_ghost_ooze
D:10:     hangedman_cross_cluster, layout_gridville, kennysheep_orc_sif_temple,
          nzn_hepliaklqana_mist_gate, enter_bailey_4, nzn_sisyphean_effort,
          uniq_maurice, uniq_sonja
Temple:   nicolae_temple_bog_church

Skill      XL: |  1  2  3  4  5  6  7  8  9 10 11 |
---------------+----------------------------------+-----
Stealth        | 7 8 9 10 | 10.1
Spellcasting   | 1 2 3 4 5 6 |  6.3
Fighting       | 4 5 6 8 |  8.0
Long Blades    | 3 4 5 |  5.2
Dodging        | 3 4 5 6 |  6.5
Short Blades   | 1 2 3 5 6 |  6.4
Shields        | 2 3 |  3.7
Necromancy     | 2 3 5 6 |  6.5
Fire Magic     | 1 2 3 4 |  4.7
Conjurations   | 2 4 5 |  5.1
Throwing       | 1 2 3 |  3.0
Evocations     | |  0.3

Action                     |  1- 3 |  4- 6 |  7- 9 | 10-12 || total
---------------------------+-------+-------+-------+-------++-------
  Melee: Rapier            |     2 |    28 |   290 |   241 ||   561
         Constrict         |       |     5 |    60 |    50 ||   115
         Tentacles         |       |     2 |    68 |    67 ||   137
         Punch             |       |     1 |     5 |     3 ||     9
  Throw: Dart              |       |       |    16 |    43 ||    59
         Boomerang         |       |       |     1 |     8 ||     9
   Cast: Vampiric Draining |       |       |    11 |    36 ||    47
         Sticky Flame      |       |       |       |     9 ||     9
         Dispel Undead     |       |       |       |     1 ||     1
 Invoke: Call Merchant     |       |       |       |     1 ||     1
  Evoke: Wand              |       |       |       |     2 ||     2
    Use: Scroll            |     1 |       |     3 |     6 ||    10
         Potion            |       |       |       |     2 ||     2
   Stab: Sleeping          |     2 |     1 |    45 |    15 ||    63
         Distracted        |       |       |     6 |     2 ||     8
 Armour: Skin              |       |     4 |    32 |    54 ||    90
  Dodge: Dodged            |       |    12 |    99 |   152 ||   263
  Block: Buckler           |       |       |    20 |    54 ||    74

Table legend: (Time is in decaauts)
 A = Elapsed time spent in this place.
 B = Non-inter-level travel time spent in this place.
 C = Inter-level travel time spent in this place.
 D = Time resting spent in this place.
 E = Time spent auto-exploring this place.
 F = Levels seen in this place.
 G = Mean time per level.
                   A        B        C        D        E       F      G
               +--------+--------+--------+--------+--------+-----+--------+
         Total |  10453 |  10127 |    326 |   2060 |   2263 |  13 |  804.1 |
       Dungeon |   9497 |   9179 |    318 |   1667 |   2237 |  10 |  949.7 |
        Temple |     16 |      8 |      8 |      0 |      0 |   1 |   16.0 |
       Ossuary |    384 |    384 |      0 |    164 |      0 |   1 |  384.0 |
        Bailey |    554 |    554 |      0 |    229 |     26 |   1 |  554.0 |
               +--------+--------+--------+--------+--------+-----+--------+

Top non-repeatable levels by time:
     D:8: 2243 daAuts
     D:7: 1496 daAuts
     D:4: 999 daAuts
     D:6: 951 daAuts
     D:5: 930 daAuts
     D:9: 785 daAuts
     D:1: 692 daAuts
     D:3: 668 daAuts
  Bailey: 554 daAuts
     D:2: 548 daAuts
 Ossuary: 384 daAuts
    D:10: 183 daAuts
  Temple: 16 daAuts
